 Dungeon Crawl Stone Soup version 0.30-a0-1006-g5d778dfbfc (webtiles) character file.

Game seed: 14229522643931567637

35 Angani the Changer (level 3, -3/29 HPs)
             Began as a Meteoran Wanderer on Apr 4, 2023.
             Slain by Terence
             ... wielding a +0 falchion
              (5 damage)
             ... on level 3 of the Dungeon on Apr 5, 2023.
             The game lasted 00:06:26 (676 turns).

Angani the Changer (Meteoran Wanderer)               Turns: 676, Time: 00:06:27

Health: -3/29      AC:  4    Str: 14    XL:     3   Next: 79%
Magic:  3/7        EV: 11    Int: 14    God:
Gold:   80         SH:  0    Dex: 14    Spells: 6/7 levels left

rFire   . . .      SeeInvis .    a - +0 sling
rCold   . . .      Faith    .    (no shield)
rNeg    . . .      Spirit   .    e - +0 leather armour
rPois   .          Reflect  .    l - +0 helmet
rElec   .          Rampage  .    (no cloak)
rCorr   .                        (no gloves)
Will    .....                    (no boots)
Stlth   +                        (no amulet)
HPRegen 0.24/turn                f - ring of wizardry
MPRegen 0.10/turn                (no ring)

@: glowing
A: sense surroundings 1, otherworldly, glowing, explore regen
a: no special abilities


You were on level 3 of the Dungeon.
You visited 1 branch of the dungeon, and saw 3 of its levels.

You collected 80 gold pieces.

Inventory:

Hand Weapons
 a - a +0 sling (weapon)
 c - a +0 dagger
Missiles
 b - 8 boomerangs
 p - 6 javelins
Armour
 e - a +0 leather armour (worn)
 l - a +0 helmet (worn)
Jewellery
 f - a ring of wizardry (left hand)
Scrolls
 g - 2 scrolls of teleportation
 j - a scroll of fog {unknown}
 m - a scroll of vulnerability {unknown}
 n - a scroll of blinking {unknown}
Potions
 d - a potion of curing
 h - a potion of resistance {unknown}
 i - 2 potions of degeneration {unknown}
 k - a potion of heal wounds {unknown}
 o - 2 potions of flight {unknown}


   Skills:
 - Level 2.1 Fighting
 - Level 2.1 Ranged Weapons
 - Level 2.4 Throwing
 - Level 1.2 Dodging
 + Level 2.6 Spellcasting
 - Level 3.0 Transmutations
 + Level 2.0 Poison Magic


You had 6 spell levels left.
You knew the following spells:

 Your Spells              Type           Power      Damage    Failure   Level
a - Sting                 Tmut/Pois      32%        1d4       4%          1

Your spell library contained the following spells:

 Spells                   Type           Power      Damage    Failure   Level
 Beastly Appendage        Tmut           20%        N/A       3%          1
 Wereblood                Tmut           10%        N/A       4%          2
 Magic Dart               Conj           4%         1d3       12%         1
 Poisonous Vapours        Pois/Air       8%         N/A       12%         2
 Call Imp                 Summ           1%         N/A       17%         2
 Mephitic Cloud           Conj/Pois/Air  3%         N/A       26%         3
 Olgreb's Toxic Radiance  Pois           7%         N/A       43%         4


Dungeon Overview and Level Annotations

Branches:
Dungeon (3/15) Zot: 1109

Altars:

Annotations:
D:3 Terence


Innate Abilities, Weirdness & Mutations

You passively map a small area around you.
You are easily found by Zot.
You glow in the dark.
You regain HP and MP as you explore.


Message History

The sling bullet completely misses Terence.
Terence hits you with a +0 falchion!
Casting: Sting (safe; 4% risk of failure)
Confirm with . or Enter, or press ? or * to list all spells.
Aiming: Sting (safe; 4% risk of failure)
Press: ? - help, Shift-Dir - straight line, f/p - Terence
Aim: Terence, wielding a +0 falchion and wearing a +0 chain mail (moderately wounded, poisoned, 77% to hit)
The sting hits Terence but does no damage.
Terence looks even sicker.
Terence is moderately wounded.
Terence hits you with a +0 falchion!
Casting: Sting (safe; 4% risk of failure)
Confirm with . or Enter, or press ? or * to list all spells.
Aiming: Sting (safe; 4% risk of failure)
Press: ? - help, Shift-Dir - straight line, f/p - Terence
Aim: Terence, wielding a +0 falchion and wearing a +0 chain mail (heavily wounded, very poisoned, 77% to hit)
The sting hits Terence but does no damage.
Terence looks even sicker.
Terence is heavily wounded.
Terence barely misses you.
Unknown command.
You are too injured to fight recklessly!
Casting: Sting (safe; 4% risk of failure)
Confirm with . or Enter, or press ? or * to list all spells.
Aiming: Sting (safe; 4% risk of failure)
Press: ? - help, Shift-Dir - straight line, f/p - Terence
Aim: Terence, wielding a +0 falchion and wearing a +0 chain mail (heavily wounded, very poisoned, 77% to hit)
The sting hits Terence but does no damage.
Terence looks as sick as possible!
Terence is heavily wounded.
Terence hits you with a +0 falchion.
Unknown command.
You shoot a sling bullet. The sling bullet barely misses Terence.
Terence barely misses you.
Unknown command.
You shoot a sling bullet. The sling bullet barely misses Terence.
Terence hits you with a +0 falchion!
* * * LOW HITPOINT WARNING * * *
Terence hits you with a +0 falchion.
You die...

##.......## ##..... ,
* *,
#........<####...#.###
+.........+..........>
#.........####...#.###
, #.......# ##.*#.# *
#.....# #**#.# , #...#
#.# , #@# #.# #@# #.#
** #.# #.# ##.## #.# ,
##...## #.#
#.....##########.# *
##...###.........#
#.####.####.#########
#...........#
#############


You could see Terence (very poisoned).

Vanquished Creatures
  An adder (D:2)
  2 ball pythons (D:1)
  An endoplasm (D:2)
  A giant cockroach (D:1)
  3 goblins
  5 hobgoblins
  2 jackals (D:1)
  5 bats
  3 frilled lizards
  A kobold (D:1)
  A rat (D:1)
25 creatures vanquished.

Notes
Turn   | Place    | Note
-------+----------+-------------------------------------------
     0 | D:1      | Angani the Meteoran Wanderer began the quest for the Orb.
     0 | D:1      | Angani set off with the following items: a +0 sling, 8
                  | boomerangs, a +0 dagger, a potion of curing, a +0 leather
                  | armour; and the following spells available to memorise:
                  | Beastly Appendage, Wereblood, Sting.
     0 | D:1      | Reached XP level 1. HP: 17/17 MP: 3/3
     2 | D:1      | Learned a level 1 spell: Sting
    58 | D:1      | Upgraded the game from 0.30-a0-996-ga6910c8ee8 to
                  | 0.30-a0-1006-g5d778dfbfc
    78 | D:1      | Reached XP level 2. HP: 13/24 MP: 1/5
   125 | D:1      | Reached skill level 1 in Poison Magic
   255 | D:1      | Reached XP level 3. HP: 29/29 MP: 7/7
   377 | D:2      | Reached skill level 3 in Transmutations
   662 | D:3      | Noticed Terence
   676 | D:3      | Slain by Terence

Illustrated notes

Levels and vault maps discovered:
D:1:      minmay_arrival_three_doors, layout_rooms, hex_large
D:2:      layout_basic
D:3:      layout_loops_corners, serial_shops, shop, uniq_terence

Skill      XL: |  1  2  3 |
---------------+----------+-----
Poison Magic   | 1 2 |  2.0
Spellcasting   | 2 |  2.6
Transmutations | 3 |  3.0
Fighting       | |  2.1
Ranged Weapons | |  2.1
Throwing       | |  2.4
Dodging        | |  1.2

Action                     || total
---------------------------++-------
   Fire: Sling             ||    43
  Throw: Boomerang         ||     4
   Cast: Sting             ||    30
    Use: Scroll            ||     1
 Armour: Leather armour    ||    26
  Dodge: Dodged            ||    31

Table legend: (Time is in decaauts)
 A = Elapsed time spent in this place.
 B = Non-inter-level travel time spent in this place.
 C = Inter-level travel time spent in this place.
 D = Time resting spent in this place.
 E = Time spent auto-exploring this place.
 F = Levels seen in this place.
 G = Mean time per level.
                   A        B        C        D        E       F      G
               +--------+--------+--------+--------+--------+-----+--------+
         Total |    689 |    640 |     49 |      0 |      0 |   3 |  229.7 |
       Dungeon |    689 |    640 |     49 |      0 |      0 |   3 |  229.7 |
               +--------+--------+--------+--------+--------+-----+--------+

Top non-repeatable levels by time:
     D:1: 372 daAuts
     D:2: 242 daAuts
     D:3: 74 daAuts
